 Dungeon Crawl Stone Soup version 0.30-a0-956-gcec3b41aec (webtiles) character file.

Game seed: 16461243257210008413

174 BillyBaka the Ducker (level 5, -1/37 HPs)
             Began as a Gnoll Wanderer on Mar 29, 2023.
             Slain by a sleepcap (15 damage)
             ... on level 3 of the Dungeon.
             The game lasted 00:08:25 (2187 turns).

BillyBaka the Ducker (Gnoll Wanderer)               Turns: 2187, Time: 00:08:26

Health: -1/37      AC:  6    Str:  9    XL:     5   Next: 54%
Magic:  7/7        EV:  2    Int:  8    God:
Gold:   104        SH:  0    Dex: 19    Spells: 7/7 levels left

rFire   . . .      SeeInvis .    a - +2 quarterstaff
rCold   . . .      Faith    .    (shield currently unavailable)
rNeg    . . .      Spirit   .    e - +0 leather armour
rPois   .          Reflect  .    (no helmet)
rElec   .          Rampage  .    c - +0 cloak
rCorr   .                        g - +0 pair of gloves
Will    .....                    (no boots)
Stlth   ++                       (no amulet)
HPRegen 0.26/turn                (no ring)
MPRegen 0.10/turn                (no ring)

@: sleeping
A: fangs 1, strong nose, distributed training
a: no special abilities


You were on level 3 of the Dungeon.
You visited 1 branch of the dungeon, and saw 3 of its levels.

You collected 104 gold pieces.

Inventory:

Hand Weapons
 a - a +2 quarterstaff (weapon)
 b - a +0 sling
Armour
 c - a +0 cloak (worn)
 e - a +0 leather armour (worn)
 g - a +0 pair of gloves (worn)
Jewellery
 k - an amulet of magic regeneration
Scrolls
 f - a scroll of teleportation {unknown}
 i - 5 scrolls of identify {unknown}
 l - a scroll of immolation {unknown}
 n - a scroll of noise {unknown}
Potions
 h - a potion of berserk rage {unknown}
 j - a potion of degeneration {unknown}
 m - a potion of ambrosia {unknown}


   Skills:
 + Level 1.6 Fighting
 + Level 1.6 Short Blades
 + Level 1.6 Long Blades
 + Level 1.6 Axes
 + Level 1.6 Maces & Flails
 + Level 1.6 Polearms
 + Level 4.8 Staves
 + Level 6.7 Ranged Weapons
 + Level 1.6 Throwing
 + Level 4.8 Armour
 + Level 6.7 Dodging
 + Level 1.6 Stealth
 + Level 1.6 Shields
 + Level 1.6 Unarmed Combat
 + Level 1.6 Spellcasting
 + Level 1.3 Conjurations
 + Level 1.3 Hexes
 + Level 1.3 Summonings
 + Level 1.3 Necromancy
 + Level 1.3 Translocations
 + Level 1.3 Transmutations
 + Level 1.3 Fire Magic
 + Level 1.3 Ice Magic
 + Level 1.3 Air Magic
 + Level 1.3 Earth Magic
 + Level 1.3 Poison Magic
 + Level 1.8 Invocations
 + Level 1.6 Evocations


You had 7 spell levels left.
You didn't know any spells.
Your spell library contained the following spells:

 Spells                   Type           Power      Damage    Failure   Level
 Cigotuvi's Dreadful Rot  Necr/Pois/Air  4%         N/A       41%         2
 Gell's Gravitas          Tloc           2%         N/A       65%         3
 Teleport Other           Tloc           2%         N/A       65%         3
 Dispel Undead            Necr           2%         3d7       96%         4
 Death Channel            Necr           1%         N/A       100%        6
 Dispersal                Tloc           1%         N/A       100%        6


Dungeon Overview and Level Annotations

Branches:
Dungeon (3/15)

Altars:


Innate Abilities, Weirdness & Mutations

You have very sharp teeth.
Your uncanny sense of smell can sniff out nearby items.
Your experience applies equally to all skills.


Message History

The sleepcap releases spores at you but does no damage.
You feel better. The sleepcap barely misses you.
The sleepcap completely misses you.
You hit the sleepcap.
You destroy the sleepcap!
The sleepcap closely misses you.
You hit the sleepcap.
The sleepcap is lightly damaged.
The sleepcap barely misses you.
You sock the sleepcap!
The sleepcap is moderately damaged.
The sleepcap closely misses you.
You hit the sleepcap.
You bite the sleepcap, but do no damage.
The sleepcap is heavily damaged.
The sleepcap releases spores at you.
You are engulfed in a cloud of soporific spores!
You fall asleep.
The sleepcap releases spores at you.
You wake up.
You hit the sleepcap but do no damage.
The sleepcap is heavily damaged.
The sleepcap closely misses you.
You feel better. The sleepcap closely misses you.
You hit the sleepcap.
The sleepcap is severely damaged.
The sleepcap releases spores at you.
You are engulfed in a cloud of soporific spores!
You are unaffected.
You hit the sleepcap.
The sleepcap is severely damaged.
The sleepcap releases spores at you.
You are engulfed in a cloud of soporific spores!
You are unaffected.
You hit the sleepcap.
The sleepcap is severely damaged.
The sleepcap releases spores at you.
You are engulfed in a cloud of soporific spores!
You fall asleep.
The sleepcap releases spores at you!
You die...

#.##.##...).#####.......####..
#.##.##...)........##.#.##....
###.##.##........#####.......# #
#......##..####........(....##
#.......####..########.....##
#......###....'.##.........#####
#.....##......'....###..........
#.....####....f..### #......####
#.......#### #@.# ###...##
##..##.....#####รท#######..##
#.###.......#..))........# #.#
#.......#...........## ###
#.......#...)......##
#.......#..........#
#.......#..........#
#########......>...#
#..........#


You could see a sleepcap.

Vanquished Creatures
  An orc priest (D:3)
  A sleepcap (D:3)
  2 adders (D:2)
  3 worms
  A dart slug (D:3)
  7 orcs (D:3)
  8 endoplasms
  6 giant cockroaches
  7 goblins
  6 hobgoblins
  9 kobolds
  3 quokkas
  5 ball pythons
  8 bats
  3 frilled lizards
  5 rats
75 creatures vanquished.

Vanquished Creatures (others)
  26 plants (D:2)
26 creatures vanquished.

Grand Total: 101 creatures vanquished

Notes
Turn   | Place    | Note
-------+----------+-------------------------------------------
     0 | D:1      | BillyBaka the Gnoll Wanderer began the quest for the Orb.
     0 | D:1      | BillyBaka set off with the following items: a +2
                  | quarterstaff, a +0 sling, a +0 cloak, a potion of curing, a
                  | +0 leather armour.
     0 | D:1      | Reached XP level 1. HP: 13/13 MP: 1/1
   150 | D:1      | Reached XP level 2. HP: 17/19 MP: 2/2
   574 | D:1      | Reached XP level 3. HP: 25/25 MP: 3/3
  1067 | D:2      | Reached skill level 1 in Invocations
  1163 | D:2      | Reached skill level 1 in Fighting
  1163 | D:2      | Reached skill level 1 in Short Blades
  1163 | D:2      | Reached skill level 1 in Long Blades
  1163 | D:2      | Reached skill level 1 in Axes
  1163 | D:2      | Reached skill level 1 in Maces & Flails
  1163 | D:2      | Reached skill level 1 in Polearms
  1163 | D:2      | Reached skill level 1 in Throwing
  1163 | D:2      | Reached skill level 1 in Stealth
  1163 | D:2      | Reached skill level 1 in Shields
  1163 | D:2      | Reached skill level 1 in Unarmed Combat
  1163 | D:2      | Reached skill level 1 in Spellcasting
  1163 | D:2      | Reached skill level 1 in Evocations
  1246 | D:2      | Reached XP level 4. HP: 32/32 MP: 5/5
  1477 | D:2      | Reached skill level 1 in Conjurations
  1477 | D:2      | Reached skill level 1 in Hexes
  1477 | D:2      | Reached skill level 1 in Summonings
  1477 | D:2      | Reached skill level 1 in Necromancy
  1477 | D:2      | Reached skill level 1 in Translocations
  1477 | D:2      | Reached skill level 1 in Transmutations
  1477 | D:2      | Reached skill level 1 in Fire Magic
  1477 | D:2      | Reached skill level 1 in Ice Magic
  1477 | D:2      | Reached skill level 1 in Air Magic
  1477 | D:2      | Reached skill level 1 in Earth Magic
  1477 | D:2      | Reached skill level 1 in Poison Magic
  1824 | D:3      | Reached XP level 5. HP: 12/37 MP: 5/7
  2187 | D:3      | Slain by a sleepcap

Illustrated notes

Levels and vault maps discovered:
D:1:      dpeg_arrival_signposts, layout_basic
D:2:      layout_basic, serial_bayou, serial_bayou_lagoon_b,
          serial_bayou_pond_e, serial_bayou_shore_b, serial_bayou_lake_a
D:3:      layout_rooms, hellmonk_no_cap

Skill      XL: |  1  2  3  4 |
---------------+-------------+-----
Invocations    | 1 |  1.8
Fighting       | 1 |  1.6
Short Blades   | 1 |  1.6
Long Blades    | 1 |  1.6
Axes           | 1 |  1.6
Maces & Flails | 1 |  1.6
Polearms       | 1 |  1.6
Throwing       | 1 |  1.6
Stealth        | 1 |  1.6
Shields        | 1 |  1.6
Unarmed Combat | 1 |  1.6
Spellcasting   | 1 |  1.6
Evocations     | 1 |  1.6
Conjurations   | 1 |  1.3
Hexes          | 1 |  1.3
Summonings     | 1 |  1.3
Necromancy     | 1 |  1.3
Translocations | 1 |  1.3
Transmutations | 1 |  1.3
Fire Magic     | 1 |  1.3
Ice Magic      | 1 |  1.3
Air Magic      | 1 |  1.3
Earth Magic    | 1 |  1.3
Poison Magic   | 1 |  1.3
Staves         | |  4.8
Ranged Weapons | |  6.7
Armour         | |  4.8
Dodging        | |  6.7

Action                     |  1- 3 |  4- 6 || total
---------------------------+-------+-------++-------
  Melee: Quarterstaff      |       |    33 ||    33
         Bite              |       |     6 ||     6
   Fire: Sling             |   107 |   113 ||   220
    Use: Potion            |       |     3 ||     3
 Armour: Leather armour    |    18 |    22 ||    40
  Dodge: Dodged            |    33 |    65 ||    98

Table legend: (Time is in decaauts)
 A = Elapsed time spent in this place.
 B = Non-inter-level travel time spent in this place.
 C = Inter-level travel time spent in this place.
 D = Time resting spent in this place.
 E = Time spent auto-exploring this place.
 F = Levels seen in this place.
 G = Mean time per level.
                   A        B        C        D        E       F      G
               +--------+--------+--------+--------+--------+-----+--------+
         Total |   2253 |   2204 |     49 |      7 |   1774 |   3 |  751.0 |
       Dungeon |   2253 |   2204 |     49 |      7 |   1774 |   3 |  751.0 |
               +--------+--------+--------+--------+--------+-----+--------+

Top non-repeatable levels by time:
     D:1: 1006 daAuts
     D:2: 795 daAuts
     D:3: 451 daAuts
